 Dungeon Crawl Stone Soup version 0.24-a0-580-g6a6c3f8 (webtiles) character file.

Game seed: 635233212095161570

204 BoppinsLewinski the Sneak (level 6, 0/37 HPs)
             Began as a Kobold Hunter on Aug 22, 2019.
             Succumbed to an adder's poison
             ... on level 2 of the Dungeon.
             The game lasted 00:06:03 (2065 turns).

BoppinsLewinski the Sneak (Kobold Hunter)           Turns: 2065, Time: 00:06:03

Health: 0/37       AC:  8    Str:  9 (11) XL:     6   Next: 9%
Magic:  6/6        EV:  6    Int: 11 (13) God:
Gold:   99         SH:  0    Dex: 12 (15) Spells: 5/5 levels left

rFire    . . .     SeeInvis .   b - +0 short sword
rCold    + . .     Gourm    .   (shield restricted)
rNeg     . . .     Faith    .   j - +0 chain mail
rPois    .         Spirit   .   (no helmet)
rElec    .         Reflect  .   (no cloak)
rCorr    .         Harm     .   (no gloves)
MR       .....                  (no boots)
Stlth    ..........             (no amulet)
HPRegen  0.12/turn              e - ring of protection from cold
MPRegen  0.10/turn              (no ring)

@: lethally poisoned (0 -> -5)
A: small, carnivore
a: no special abilities


You were on level 2 of the Dungeon.
You were hungry.

You visited 1 branch of the dungeon, and saw 2 of its levels.

You collected 99 gold pieces.

Inventory:

Hand Weapons
 a - a +1 hand crossbow
 b - a +0 short sword (weapon)
Missiles
 d - 7 bolts
Armour
 j - a +0 chain mail (worn)
Jewellery
 e - a ring of protection from cold (left hand)
 i - an uncursed ring of magical power
Comestibles
 f - 4 rations


   Skills:
 + Level 3.1 Fighting
 + Level 5.4 Crossbows
 + Level 1.2 Armour
 + Level 3.4 Dodging
 * Level 5.4 Stealth


You had 5 spell levels left.
You didn't know any spells.
Your spell library was empty.

Dungeon Overview and Level Annotations

Branches:
Dungeon (2/15)

Altars:


Innate Abilities, Weirdness & Mutations

You are small and have problems with some larger weapons.
You are carnivorous and can eat meat at any time.


Message History

Unknown command.
Ye closely miss tha adder.
Tha adder be heavily wounded.
* * * LOW HITPOINT WARNIN'
* * * Ye feel sick.
Tha adder bites ye but does nay damage.
Unknown command.
Unknown command.
Ye miss tha adder.
Tha adder be heavily wounded.
Ye be feelin' hungry.
* * * LOW HITPOINT WARNIN'
* * * Ye feel sick.
Tha adder closely misses ye.
Unknown command.
Yer chain mail prevents ye from hittin' tha adder.
Tha adder be heavily wounded.
Tha adder bites ye but does nay damage. x2
Unknown command.
Ye miss tha adder.
Tha adder be heavily wounded.
Ye die...

####.#....#
#......#
#(l(K.....#
#......#
#....##...#
#......#
..... #...#
##.....# .#..
##...##
#.....## #.
+.....#
#.....## #.
##....#
#..##.## #
####.####
##.##.##
#KS@.#
#.##'##
####.#
#.#....
####.#
#.#....
#....#######
#.#....
#'#........#
#......
#....######.#
##.#.## #...<
#.####...#
#...#
#.....#..#
#...
#####.#..#


You could see an adder and a kobold.

Vanquished Creatures
  A centaur (D:2)
  3 gnolls (D:2)
  3 adders (D:2)
  An ooze (D:1)
  4 dart slugs
  3 leopard geckos
  4 bats (D:1)
  6 giant cockroaches
  A goblin (D:1)
  8 hobgoblins
  A quokka (D:2)
  2 ball pythons
  2 frilled lizards (D:1)
  7 kobolds
  4 rats (D:1)
50 creatures vanquished.

Notes
Turn   | Place    | Note
-------+----------+-------------------------------------------
     0 | D:1      | BoppinsLewinski the Kobold Hunter began the quest for the
                  | Orb.
     0 | D:1      | Reached XP level 1. HP: 12/12 MP: 1/1
   101 | D:1      | Reached XP level 2. HP: 18/18 MP: 2/2
   180 | D:1      | Reached skill level 5 in Crossbows
   396 | D:1      | You fall into a shaft and drop 1 floor!
   431 | D:1      | Reached XP level 3. HP: 22/22 MP: 3/3
  1046 | D:2      | Reached XP level 4. HP: 27/27 MP: 4/4
  1170 | D:2      | Noticed a centaur
  1182 | D:2      | Killed a centaur
  1182 | D:2      | Reached skill level 1 in Armour
  1182 | D:2      | Reached skill level 5 in Stealth
  1182 | D:2      | Reached XP level 5. HP: 21/32 MP: 5/5
  1519 | D:2      | Reached XP level 6. HP: 21/37 MP: 6/6
  2063 | D:2      | HP: 1/37 [poisoned by an adder]
  2065 | D:2      | Succumbed to an adder's poison

Levels and vault maps discovered:
D:1:      nicolae_arrival_somewhat_less_tricky_arrival, layout_loops_ring,
          minmay_misc_feat_rows
D:2:      layout_basic, marbit_many_paths

Skill      XL: |  1  2  3  4 |
---------------+-------------+-----
Stealth        | 2 4 5 |  5.4
Crossbows      | 5 |  5.4
Fighting       | 3 |  3.1
Armour         | 1 |  1.2
Dodging        | 3 |  3.4

Action                   |  1- 3 |  4- 6 || total
-------------------------+-------+-------++-------
Melee: Short sword       |    14 |    35 ||    49
 Fire: Hand crossbow     |    56 |    48 ||   104
  Use: Potion            |       |     2 ||     2
       Scroll            |       |     3 ||     3
  Eat: Chunk             |       |     3 ||     3
Armor: Leather armour    |     3 |     2 ||     5
       Skin              |       |     5 ||     5
       Chain mail        |       |    38 ||    38
Dodge: Dodged            |    13 |    20 ||    33

Table legend:
 A = Non-vault XP
 B = Vault XP
 C = Vault XP percentage of total XP
 D = Non-vault monster count
 E = Vault monster count
 F = Vault count percentage of total count
                 A         B        C        D         E       F
            +---------+---------+-------+---------+---------+-------
      Total |     292 |       0 |   0.0 |      50 |       0 |   0.0
            +---------+---------+-------+---------+---------+-------
        D:1 |      68 |       0 |   0.0 |      33 |       0 |   0.0
        D:2 |     224 |       0 |   0.0 |      17 |       0 |   0.0
            +---------+---------+-------+---------+---------+-------
